 Dungeon Crawl Stone Soup version 0.24.0-10-g970556be89 (webtiles) character file.

Game seed: 6890336504560754868, levelgen mode: deterministic

97987 Johnny the Fighter (level 15, -1/162 HPs)
             Began as a Troll Berserker on Nov 3, 2019.
             Was the Champion of Trog.
             Slain by a wolf spider (18 damage)
             ... on level 1 of the Spider Nest.
             The game lasted 00:35:02 (21802 turns).

Johnny the Fighter (Troll Berserker)               Turns: 21802, Time: 00:35:03

Health: -1/162     AC: 14    Str: 42    XL:     15   Next: 73%
Magic:  7/14       EV:  8    Int:  9    God:    Trog [******]
Gold:   2409       SH:  0    Dex:  9    Spells: 14/14 levels left

rFire    . . .     SeeInvis .   o - +12 Vampire's Tooth {vamp}
rCold    . . .     Gourm    +   (no shield)
rNeg     . . .     Faith    .   T - +2 troll leather armour
rPois    +         Spirit   .   (helmet restricted)
rElec    .         Reflect  .   I - +1 cloak of Baif {rPois Str+3}
rCorr    .         Harm     .   (gloves unavailable)
MR       +....     Rnd*Tele +   (boots unavailable)
Stlth    +.........             U - amulet of regeneration
HPRegen  1.57/turn              v - +2 ring of protection
MPRegen  0.14/turn              x - ring of the Tired Eyes {*Tele Str+5 Int+6}

@: berserk cooldown, held, slowed, very slow
A: large, unfitting armour, claws 3, fast metabolism 3, gourmand, regeneration
1, shaggy fur 1, tough skin 3
a: Berserk, Trog's Hand, Brothers in Arms, Renounce Religion


You were on level 1 of the Spider Nest.
You worshipped Trog.
Trog was exalted by your worship.
You were not hungry.

You visited 4 branches of the dungeon, and saw 24 of its levels.
You also visited: Bailey and Ice Cave.

You collected 4289 gold pieces.
You spent 1880 gold pieces at shops.

Inventory:

Hand Weapons
 o - the +12 Vampire's Tooth (weapon) {vamp}
   (You bought it in a shop on level 7 of the Dungeon)

   It inflicts no extra harm, but heals its wielder when it wounds a living foe.
 B - a +2 demon blade of electrocution
 D - the +8 short sword "Desmon" {holy, MR++ Dex+2}
   (You found it on level 6 of the Lair of Beasts)

   It has been blessed by the Shining One to cause great damage to the undead
   and demons.
   It affects your dexterity (+2).
   It affects your resistance to hostile enchantments.
 O - a +3 antimagic triple sword
Missiles
 p - 13 large rocks (quivered)
Armour
 I - the +1 cloak of Baif (worn) {rPois Str+3}
   (You found it on level 7 of the Dungeon)

   It affects your strength (+3).
   It protects you from poison.
 N - a scarf of resistance
 T - a +2 troll leather armour (worn)
Jewellery
 b - an uncursed ring of protection from cold
 f - an uncursed ring of wizardry
 q - an uncursed amulet of the gourmand {unknown}
 u - a +5 ring of dexterity
 v - a +2 ring of protection (left claw)
 x - the ring of the Tired Eyes (right claw) {*Tele Str+5 Int+6}
   (You took it off an orc on level 15 of the Dungeon)

   [ring of teleportation]

   It may teleport you next to monsters.
   It affects your strength (+5).
   It affects your intelligence (+6).
 y - an uncursed ring of see invisible
 K - an uncursed ring of protection from fire
 M - an uncursed ring of positive energy
 U - an amulet of regeneration (around neck)
Wands
 m - a wand of polymorph (22)
 t - a wand of scattershot (10)
 J - a wand of paralysis (12)
 Q - a wand of acid (9)
 R - a wand of clouds (3)
 V - a wand of digging (5)
Scrolls
 a - a scroll of holy word
 e - 2 scrolls of noise
 i - 8 scrolls of enchant weapon
 j - 10 scrolls of remove curse
 n - 6 scrolls of magic mapping
 r - 13 scrolls of teleportation
 C - 2 scrolls of silence
 G - a scroll of immolation {unknown}
 P - a scroll of fear {unknown}
 S - a scroll of blinking
 Y - a scroll of torment
Potions
 d - 3 potions of agility
 g - a potion of ambrosia {unknown}
 h - 2 potions of magic
 k - 14 potions of curing
 l - 7 potions of flight
 s - 6 potions of mutation
 w - 2 potions of brilliance
 z - a potion of lignification {unknown}
 A - 5 potions of resistance
 E - 2 potions of might
 F - 2 potions of cancellation {unknown}
 H - 4 potions of heal wounds {unknown}
 L - 2 potions of invisibility {unknown}
 Z - a potion of berserk rage
Miscellaneous
 W - a lamp of fire
 X - a lightning rod (4/4)
Comestibles
 c - 41 rations


   Skills:
 + Level 13.9 Fighting
 + Level 13.9 Long Blades
 + Level 13.9 Dodging


You had 14 spell levels left.
You didn't know any spells.
Your spell library contained the following spells:

 Spells                   Type           Power        Failure   Level  Hunger
 Animate Skeleton         Necr           N/A          41%         1    ##.....
 Apportation              Tloc           #.....       41%         1    ##.....
 Confusing Touch          Hex            #.....       41%         1    ##.....
 Flame Tongue             Conj/Fire      #....        41%         1    ##.....
 Summon Small Mammal      Summ           #...         41%         1    ##.....
 Poisonous Vapours        Pois/Air       #.....       54%         2    ###....
 Throw Flame              Conj/Fire      #.....       54%         2    ###....
 Conjure Flame            Conj/Fire      #.......     78%         3    ####...
 Inner Flame              Hex/Fire       #.......     78%         3    ####...
 Mephitic Cloud           Conj/Pois/Air  #.......     78%         3    ####...
 Ice Form                 Ice/Tmut       #.......     99%         4    #####..
 Sticky Flame             Conj/Fire      #.......     99%         4    #####..
 Fireball                 Conj/Fire      #.........   100%        5    ######.
 Metabolic Englaciation   Hex/Ice        #.........   100%        5    ######.
 Bolt of Cold             Conj/Ice       #.........   100%        6    #######
 Freezing Cloud           Conj/Ice/Air   #.........   100%        6    #######
 Ozocubu's Refrigeration  Ice            #.........   100%        6    #######
 Simulacrum               Ice/Necr       #.........   100%        6    #######
 Ring of Flames           Chrm/Fire      #.........   100%        7    #######


Dungeon Overview and Level Annotations

Branches:
Dungeon (15/15)            Temple (0/1) D:4            Lair (6/6) D:8
  Swamp (0/4) Lair:2       Spider (1/4) Lair:4        Slime (0/5) Lair:6
    Orc (2/2) D:12            Elf (0/3) Orc:2        Vaults (0/5) D:14
 Depths (0/5) D:15         Bailey (visited)           IceCv (visited)

Altars:
Cheibriados
Elyvilon
Ru
Sif Muna
Trog
Uskayaw
Wu Jian
Beogh
Jiyva

Shops:
D:7 (   Orc:2 :*([

Annotations:
D:10 2 transporters, Kairok's ghost, novice VSAs
Spider:1 Josephine


Innate Abilities, Weirdness & Mutations

You are too large for most types of armour.
You have claws for hands.
Your metabolism is lightning-fast.
You like to eat raw meat.
Your natural rate of healing is unusually fast.
You are covered in fur. (AC +1)
You have extremely tough skin. (AC +3)


Message History

Trog accepts your kill. The wolf spider misses you. The wolf spider bites you.
* * * LOW HITPOINT WARNING * * *
You are poisoned.
The wolf spider poisons you!
The jumping spider pounces on your iron troll but does no damage.
The jumping spider bites your iron troll but does no damage.
Unknown command.
You feel better. The redback bites your iron troll!
The jumping spider leaps!
The wolf spider barely misses you. The wolf spider bites you!
* * * LOW HITPOINT WARNING * * *
The jumping spider pounces on your iron troll.
The jumping spider bites your iron troll but does no damage.
Your iron troll bites the wolf spider!!!
Your iron troll closely misses the wolf spider.
Your iron troll claws the wolf spider!!
The wolf spider dies!
Trog accepts your kill. The wolf spider hits you!!
You die...

#..###†#####
#....##.#.
#..# ##.#..#
##...#####
#.## ##..##
###..###. #.
#...#
#.#.)##.. ####
##.##
##....... #.#
##.# ####...#
##.####.##
#>...#
#.#s.°s.##.#
##...#
#^s^T.@###.###
#..##
#.s##...^)...#
####
#..#.#....#
#######.#..#
######


You could see a wolf spider, 2 jumping spiders, a redback and a friendly iron
troll (berserk).

Vanquished Creatures
  Jorgrun (D:15)
  A frost giant (IceCv)
  An orc warlord (Orc:2)
  2 entropy weavers (Spider:1)
  Azrael (Orc:2)
  An ettin (Orc:1)
  The ghost of duckybubbers the Fighter, a journeyman HOMo of Beogh (Orc:2)
  An ice dragon (Lair:6)
  Harold (D:9)
  A vault guard (D:14)
  A catoblepas (Lair:5)
  6 hydras
  A two-headed ogre (D:15)
  2 centaur warriors
  A tengu warrior (D:14)
  An orc high priest (Orc:2)
  3 unseen horrors
  The ghost of eskilway the Cudgeler, a novice GrFi of Okawaru (D:7)
  Pikel (D:6)
  2 lindwurms (Lair:6)
  3 orb spiders (Spider:1)
  7 orc knights
  4 cyclopes
  2 ugly things
  An orc sorcerer (Orc:2)
  7 wolf spiders
  15 elephants
  A manticore (D:14)
  An ice statue (IceCv)
  3 black mambas (Lair:6)
  Psyche (D:9)
  A guardian serpent (shapeshifter) (D:15)
  8 torpor snails
  2 gargoyles
  A redback zombie (D:15)
  2 rime drakes
  7 spiny frogs
  10 komodo dragons
  A yaktaur (D:14)
  The ghost of miragecloak the Insei, a novice OpTm of Ashenzari (D:5)
  A yaktaur (shapeshifter) (D:15)
  2 tengu conjurers (D:15)
  2 trolls
  3 meliai (D:14)
  17 polar bears
  3 tyrant leeches (Lair:6)
  21 jumping spiders
  7 hornets (Lair:6)
  5 blink frogs
  5 dream sheep (Lair:5)
  5 hippogriffs
  6 slime creatures
  Sigmund (D:2)
  4 tarantellas (Spider:1)
  24 redbacks
  4 wyverns
  3 wraiths
  49 yaks
  2 steam dragons
  2 fire elementals (Orc:2)
  2 basilisks (Lair:4)
  3 hungry ghosts
  6 vampire mosquitoes
  A soldier ant (D:10)
  6 wargs (Orc:1)
  16 water moccasins
  2 hell hounds (Orc:2)
  Duvessa (D:5)
  6 porcupines
  25 orc warriors
  6 sky beasts
  An eye of draining (D:13)
  2 black bears
  The ghost of martbhell the Chopper, an amateur MiBe of Trog (D:4)
  7 ice beasts
  7 wolves (IceCv)
  11 ogres
  5 centaurs
  22 crocodiles
  2 big kobolds
  Blork the orc (Orc:2)
  13 bullfrogs
  A gnoll sergeant (D:9)
  A wyvern zombie (D:10)
  Dowan (D:5)
  4 scorpions
  9 killer bees
  6 wights
  6 howler monkeys
  An electric eel (Lair:4)
  4 crimson imps
  2 jellies
  3 centaur zombies
  4 bullfrog zombies
  3 centaur skeletons
  5 hounds
  4 quasits
  18 orc priests
  A gnoll shaman (Orc:1)
  4 bullfrog skeletons
  5 iguanas
  26 orc wizards
  18 worker ants
  Robin (D:2)
  3 worker ant zombies
  15 gnolls
  18 adders
  3 shadow imps
  11 white imps (Orc:2)
  2 adder zombies
  2 adder skeletons
  3 worms
  2 dart slugs
  3 leopard geckos
  82 orcs
  A ball python (D:1)
  4 bats
  6 giant cockroaches
  16 goblins
  17 hobgoblins
  11 jackals
  30 kobolds
  6 quokkas
  A frilled lizard (D:4)
  2 leopard gecko skeletons
  A leopard gecko zombie (D:5)
  A quokka skeleton (D:5)
  4 rats
  A fungus (Lair:5)
  A plant (Lair:6)
793 creatures vanquished.

Vanquished Creatures (collateral kills)
  Erolcha (D:9)
  A two-headed ogre (D:9)
  A tengu warrior (D:15)
  An orc knight (Orc:2)
  An orc sorcerer (Orc:2)
  A wolf spider (Spider:1)
  A spiny frog (Lair:4)
  A centaur zombie (D:12)
  A troll (D:12)
  A jumping spider (Spider:1)
  3 blink frogs (Lair:4)
  A vampire (D:13)
  A basilisk (Lair:4)
  A wyvern (D:13)
  5 vampire mosquitoes
  2 orc warriors (Orc:2)
  4 wights (D:13)
  An orc priest (Orc:2)
  An orc wizard (Orc:2)
  An adder (D:12)
  2 orcs
32 creatures vanquished.

Vanquished Creatures (others)
  A white imp (Orc:2)
  2 orcs
  A kobold (Bailey)
  4 fungi
  3 plants
11 creatures vanquished.

Grand Total: 836 creatures vanquished

Notes
Turn   | Place    | Note
-------+----------+-------------------------------------------
     0 | D:1      | Johnny the Troll Berserker began the quest for the Orb.
     0 | D:1      | Reached XP level 1. HP: 22/22 MP: 0/0
   102 | D:1      | Reached XP level 2. HP: 28/29 MP: 1/1
   566 | D:2      | Reached XP level 3. HP: 30/36 MP: 2/2
   690 | D:2      | Reached ** piety under Trog
   709 | D:2      | Noticed Robin
   719 | D:2      | Reached XP level 4. HP: 45/45 MP: 3/3
   722 | D:2      | Killed Robin
   965 | D:2      | Found a snail-covered altar of Cheibriados.
   966 | D:2      | Found a sacrificial altar of Ru.
   968 | D:2      | Found a hide-covered altar of Uskayaw.
  1005 | D:2      | Found a faded altar of an unknown god.
  1073 | D:2      | Noticed Sigmund
  1081 | D:2      | Killed Sigmund
  1081 | D:2      | Reached XP level 5. HP: 54/54 MP: 4/4
  1413 | D:3      | Reached XP level 6. HP: 62/62 MP: 5/5
  1458 | D:3      | Found an ornate altar of the Wu Jian Council.
  1471 | D:3      | Found a shimmering blue altar of Sif Muna.
  1753 | D:3      | Reached *** piety under Trog
  1883 | D:4      | Found a transporter.
  1909 | D:4      | Found a transporter.
  1962 | D:4      | Found a staircase to the Ecumenical Temple.
  2179 | D:4      | Noticed martbhell's ghost (amateur MiBe)
  2205 | D:4      | Reached XP level 7. HP: 70/70 MP: 6/6
  2218 | D:4      | Killed martbhell's ghost
  2456 | D:5      | Entered Level 5 of the Dungeon
  2776 | D:5      | Reached skill level 5 in Dodging
  2853 | D:5      | Noticed Duvessa
  2853 | D:5      | Noticed Dowan
  2872 | D:5      | Reached skill level 5 in Long Blades
  2879 | D:5      | Killed Duvessa
  2879 | D:5      | Reached skill level 5 in Fighting
  2879 | D:5      | Reached XP level 8. HP: 62/80 MP: 7/7
  2884 | D:5      | Killed Dowan
  2928 | D:5      | Found a transporter.
  2928 | D:5      | Noticed miragecloak's ghost (novice OpTm)
  2933 | D:5      | Found a transporter.
  3555 | D:5      | Reached **** piety under Trog
  3705 | D:5      | Killed miragecloak's ghost
  3817 | D:6      | Noticed Pikel
  3849 | D:6      | Killed Pikel
  3849 | D:6      | Reached XP level 9. HP: 91/91 MP: 8/8
  4687 | D:7      | Found Cenav's Antique Weapon Shoppe.
  4904 | D:7      | Found a runed translucent gate.
  4904 | D:7      | Found a runed translucent gate.
  4911 | D:7      | Found a runed translucent gate.
  5340 | D:7      | Identified the cursed +3 hand axe of Iseyl {drain, rN++
                  | Int+2}
  5340 | D:7      | Identified the cursed +0 plate armour "Qikhlueza" {MR+
                  | Int-2 SInv}
  5347 | D:7      | Noticed eskilway's ghost (novice GrFi)
  5350 | D:7      | Found a roughly hewn altar of Beogh.
  5713 | D:7      | Killed eskilway's ghost
  5713 | D:7      | Reached XP level 10. HP: 102/102 MP: 9/9
  5840 | D:7      | Got a distressingly furry cloak
  5852 | D:7      | Identified the +1 cloak of Baif {rPois Str+3} (You found it
                  | on level 7 of the Dungeon)
  6046 | D:8      | Reached ***** piety under Trog
  6070 | D:8      | Found a staircase to the Lair.
  6512 | D:9      | Noticed a two-headed ogre
  6532 | D:9      | Killed a two-headed ogre
  6536 | D:9      | Noticed Erolcha
  6542 | D:9      | Killed Erolcha
  6820 | D:9      | Noticed Psyche
  6828 | D:9      | Killed Psyche
  6898 | D:9      | Reached XP level 11. HP: 88/113 MP: 10/10
  6938 | D:9      | Noticed Harold
  6952 | D:9      | Killed Harold
  7278 | D:9      | Found a snail-covered altar of Cheibriados.
  7305 | D:10     | Entered Level 10 of the Dungeon
  7358 | D:10     | Received a gift from Trog
  7800 | D:10     | Found a transporter.
  7845 | D:10     | Found a bloodstained altar of Trog.
  7845 | D:10     | Noticed Kairok's ghost (novice VSAs)
  7846 | D:10     | Identified the +8 great mace "Leoboa" {elec, rElec rF+ rN+
                  | MR-}
  7846 | D:10     | Noticed a two-headed ogre
  7846 | D:10     | Noticed a deep troll
  7863 | D:10     | Found a transporter.
  7951 | D:10     | Found a roughly hewn altar of Beogh.
  8896 | D:12     | Found a flagged portal.
  8896 | D:12     | Noticed a purple ugly thing
  8906 | D:12     | Killed a purple ugly thing
  8925 | Bailey   | Entered a bailey
  8997 | Bailey   | Noticed an orc knight
  8997 | Bailey   | Noticed an orc knight
  8997 | Bailey   | Noticed an orc knight
  9010 | Bailey   | Killed an orc knight
  9013 | Bailey   | Killed an orc knight
  9021 | Bailey   | Killed an orc knight
  9145 | D:12     | Reached skill level 10 in Dodging
  9145 | D:12     | Reached XP level 12. HP: 116/126 MP: 11/11
  9163 | D:12     | Reached skill level 10 in Fighting
  9168 | D:12     | Reached skill level 10 in Long Blades
  9349 | D:12     | Found a staircase to the Orcish Mines.
  9632 | D:13     | Noticed a five-headed hydra
  9648 | D:13     | Killed a 15-headed hydra
  9660 | D:13     | Received a gift from Trog
  9981 | D:13     | Noticed an eight-headed hydra
  9995 | D:13     | Killed a nine-headed hydra
 10021 | D:13     | Noticed a centaur warrior
 10038 | D:13     | Killed a centaur warrior
 10512 | D:14     | Noticed a four-headed hydra
 10526 | D:14     | Killed a 12-headed hydra
 10673 | D:14     | Noticed a vault guard
 10688 | D:14     | Killed a vault guard
 10752 | D:14     | Found a gate to the Vaults.
 11045 | D:14     | Reached XP level 13. HP: 137/137 MP: 12/12
 11104 | D:14     | Found a white marble altar of Elyvilon.
 11281 | D:15     | Entered Level 15 of the Dungeon
 11320 | D:15     | Noticed Jorgrun
 11530 | D:15     | Found a staircase to the Depths.
 11638 | D:15     | Killed Jorgrun
 11981 | D:15     | Identified the ring of the Tired Eyes {*Tele Str+5 Int+6}
 12396 | Orc:1    | Entered Level 1 of the Orcish Mines
 12553 | D:7      | Bought the +12 Vampire's Tooth {vamp} for 1740 gold pieces
 12553 | D:7      | Found the +12 Vampire's Tooth {vamp}
 12740 | Orc:1    | Received a gift from Trog
 12846 | Orc:1    | Noticed an ettin
 12873 | Orc:1    | Killed an ettin
 13322 | Orc:2    | Entered Level 2 of the Orcish Mines
 13390 | Orc:2    | Found a frozen archway.
 13446 | IceCv    | Entered an ice cave
 13898 | IceCv    | Noticed a frost giant
 13931 | IceCv    | Killed a frost giant
 13948 | IceCv    | Reached XP level 14. HP: 149/149 MP: 13/13
 14377 | Orc:2    | Noticed Azrael
 14409 | Orc:2    | Killed Azrael
 14439 | Orc:2    | Noticed an orc warlord
 14567 | Orc:2    | Reached ****** piety under Trog
 14593 | Orc:2    | Killed an orc warlord
 14686 | Orc:2    | Noticed Blork the orc
 14694 | Orc:2    | Found a roughly hewn altar of Beogh.
 14700 | Orc:2    | Killed Blork the orc
 14783 | Orc:2    | Found Xaysifeul's Antique Armour Emporium.
 14845 | Orc:2    | Found a staircase to the Elven Halls.
 14883 | Orc:2    | Found a roughly hewn altar of Beogh.
 14904 | Orc:2    | Found a runed translucent door.
 14908 | Orc:2    | Noticed duckybubbers's ghost (journeyman HOMo)
 14975 | Orc:2    | Found Ufalifra's Book Emporium.
 14990 | Orc:2    | Found Nezxul's Antique Weapon Emporium.
 15019 | Orc:2    | Found Sohufiti's General Store.
 15026 | Orc:2    | Bought a potion of curing for 30 gold pieces
 15026 | Orc:2    | Bought a potion of curing for 30 gold pieces
 15026 | Orc:2    | Bought a potion of berserk rage for 50 gold pieces
 15026 | Orc:2    | Bought a scroll of teleportation for 30 gold pieces
 15175 | Orc:2    | Killed duckybubbers's ghost
 15357 | Lair:1   | Entered Level 1 of the Lair of Beasts
 15583 | Lair:1   | Received a gift from Trog
 16055 | Lair:2   | Found a staircase to the Swamp.
 17655 | Lair:4   | Found a hole to the Spider Nest.
 18053 | Lair:4   | Received a gift from Trog
 19525 | Lair:6   | Entered Level 6 of the Lair of Beasts
 19572 | Lair:6   | Reached XP level 15. HP: 128/159 MP: 14/14
 19604 | Lair:6   | Found a staircase to the Slime Pits.
 19605 | Lair:6   | Found a viscous altar of Jiyva.
 19821 | Lair:6   | Found a runed translucent door.
 20110 | Lair:6   | Got a fine short sword
 20302 | Lair:6   | Identified the +8 short sword "Desmon" {holy, MR++ Dex+2}
                  | (You found it on level 6 of the Lair of Beasts)
 20929 | Spider:1 | Entered Level 1 of the Spider Nest
 20940 | Spider:1 | Received a gift from Trog
 21492 | Spider:1 | Noticed Josephine
 21802 | Spider:1 | Slain by a wolf spider

Levels and vault maps discovered:
D:1:      dpeg_arrival_pits, layout_basic, minmay_pentomino_r4
D:2:      layout_basic, chequers_temple_overflow_statue_of_worship,
          chequers_ecumenical_altar_simple_redux, uniq_robin, uniq_sigmund
D:3:      layout_basic, nicolae_overflow_hidden_temple
D:4:      layout_basic, minmay_temple_entry_statues_fountains, first_ration,
          gammafunk_ghost_stat_death, minmay_close_crescents
D:5:      layout_basic, gammafunk_ghost_mausoleum, uniq_duvessa
D:6:      layout_basic, uniq_pikel
D:7:      layout_layer_cave, biasface_ghost_orc_armoury, serial_shops,
          nicolae_shop_crystal
D:8:      layout_cave_pools, lair_entry_dummy
D:9:      layout_big_octagon, blue_anna_alchemist [blue_anna_fruit_fields,
          blue_anna_fruit_fields], cheibrodos_worm_habitat, uniq_harold,
          uniq_psyche, uniq_erolcha
D:10:     layout_rooms, gammafunk_ghost_wrathful_warriors, special_room
          [special_room_orc], lightli_fourway_metalbox
D:11:     layout_roguey
D:12:     layout_cave_pools, orc_0_dummy, enter_bailey_2, minivault_10
D:13:     layout_loops_cross
D:14:     layout_irregular_city, david_vaults_5, elyvilon_altar_4
D:15:     hangedman_depths_entry_try_elsewhere_first, layout_loops_ring,
          hangedman_decor_slide_cut, minmay_fractal_squares_gapless_5,
          uniq_jorgrun
Lair:1:   layout_loops_ring, hangedman_lair_generics_rect
Lair:2:   layout_loops_ring, minmay_swamp_entry_swarm, beast_lair_carwin_5,
          serial_bayou_shore_b
Lair:3:   layout_gridlike, bh_autumn_forest_stairs, grunt_megastairs_4
Lair:4:   layout_hall_layers, nicolae_spider_entry_tight_spaces,
          kennysheep_basilisk_garden, serial_bayou_shore_a
Lair:5:   layout_concentric_octagons
Lair:6:   wormcave, layout_small_grid, slime_altar_1, st_stairs_12,
          serial_bayou_crossing
Spider:1: layout_spider_delve, uniq_asterion, uniq_josephine
Orc:1:    cheibrodos_orc_guarddog, layout_caves, nicolae_orc_damp_corner
Orc:2:    grunt_orc_cross, layout_diamond_mine, portal_ice_cave_entry_imps,
          basic_altar, ebering_ghost_reflecting_pool, uniq_azrael

Skill      XL: |  1  2  3  4  5  6  7  8  9 10 11 12 13 14 |
---------------+-------------------------------------------+-----
Fighting       | 3 4 5 6 7 8 9 11 12 13 | 13.9
Long Blades    | 3 4 5 6 7 8 9 11 12 13 | 13.9
Dodging        | 3 4 5 6 7 8 10 11 12 13 | 13.9

Action                   |  1- 3 |  4- 6 |  7- 9 | 10-12 | 13-15 || total
-------------------------+-------+-------+-------+-------+-------++-------
Melee: Falchion          |   104 |   130 |   264 |       |       ||   498
       Long sword        |       |       |   133 |   751 |   139 ||  1023
       Quick blade       |       |       |       |       |  1873 ||  1873
Throw: Large rock        |       |       |       |     5 |       ||     5
Invok: Berserk           |     1 |     2 |    10 |    20 |    17 ||    50
       Brothers in Arms  |       |       |       |     3 |     4 ||     7
       Trog's Hand       |       |       |       |     1 |     2 ||     3
Evoke: Wand              |       |       |       |    38 |       ||    38
       Lightning rod     |       |       |       |       |     4 ||     4
       Lamp of fire      |       |       |       |       |     1 ||     1
  Use: Scroll            |       |       |    10 |    13 |    12 ||    35
       Potion            |       |       |       |     2 |     2 ||     4
 Stab: Distracted        |       |       |     1 |       |       ||     1
       Paralysed         |       |       |       |     1 |       ||     1
       Sleeping          |       |       |       |       |     1 ||     1
  Eat: Chunk             |    12 |    10 |    52 |    77 |   104 ||   255
       Ration            |       |       |       |     1 |       ||     1
Armor: Animal skin       |    70 |    71 |    93 |       |       ||   234
       Robe              |       |       |    41 |   236 |       ||   277
       Troll leather arm |       |       |       |   121 |   341 ||   462
Dodge: Dodged            |    81 |    96 |   252 |   719 |   806 ||  1954
Block: Other             |       |       |    16 |    58 |    34 ||   108
       Reflection        |       |       |     1 |     5 |       ||     6
       Rpst.: Falchion   |    18 |    29 |    48 |       |       ||    95
       Long sword        |       |       |    22 |   145 |    26 ||   193
